 Dungeon Crawl Stone Soup version 0.27-a0-65-gfb268537a3 (webtiles) character file.

Game seed: 3400427676258801900

309 tatocazan the Sneak (level 6, -4/42 HPs)
             Began as an Octopode Brigand on Jan 9, 2021.
             Was a Believer of Wu Jian.
             Slain by a gnoll
             ... wielding a +0 halberd
              (10 damage)
             ... on level 4 of the Dungeon.
             The game lasted 00:04:24 (4673 turns).

tatocazan the Sneak (Octopode Brigand)              Turns: 4673, Time: 00:04:24

Health: -4/42      AC:  1    Str: 11    XL:     6   Next: 41%
Magic:  6/6        EV: 14    Int: 13    God:    Wu Jian [**....]
Gold:   152        SH:  0    Dex: 15    Spells: 5/5 levels left

rFire    . . .     SeeInvis .   a - +2 dagger
rCold    . . .     Faith    .   (no shield)
rNeg     . . .     Spirit   .   (helmet restricted)
rPois    .         Reflect  .   (no amulet)
rElec    .         Harm     .   (no ring)
rCorr    .         Rampage  .   (no ring)
Will     .....                  (no ring)
Stlth    +++++.....             (no ring)
HPRegen  0.14/turn              (no ring)
MPRegen  0.10/turn              (no ring)
                                (no ring)
                                (no ring)

@: no status effects
A: almost no armour, stealthy swim, amphibious, 8 rings, constrict 8, camouflage
1, gelatinous body 1
a: Renounce Religion, Wall Jump


You were on level 4 of the Dungeon.
You worshipped Wu Jian.
Wu Jian was pleased with you.
You visited 1 branch of the dungeon, and saw 4 of its levels.
You also visited: Sewer.

You collected 152 gold pieces.

Inventory:

Hand Weapons
 a - a +2 dagger (weapon)
Missiles
 b - 8 poisoned darts (quivered)
 c - 2 curare-tipped darts
Wands
 l - a wand of flame (11)
Scrolls
 e - 3 scrolls of fear {unknown}
 f - 2 scrolls of remove curse {unknown}
 h - 2 scrolls of immolation {unknown}
 i - a scroll of magic mapping {unknown}
 k - a scroll of noise {unknown}
 m - a scroll of identify {unknown}
 n - a scroll of enchant armour {unknown}
 p - 3 scrolls of teleportation {unknown}
Potions
 d - a potion of haste {unknown}
 g - a potion of invisibility {unknown}
 j - a potion of curing {unknown}
 o - a potion of degeneration {unknown}
 q - 2 potions of brilliance {unknown}
 r - 2 potions of magic {unknown}
 s - a potion of might {unknown}
 t - a potion of heal wounds
 u - a potion of cancellation {unknown}


   Skills:
 + Level 3.1 Fighting
 * Level 3.8 Short Blades
 - Level 2.5 Throwing
 + Level 2.6 Dodging
 * Level 7.3 Stealth


You had 5 spell levels left.
You didn't know any spells.
Your spell library was empty.

Dungeon Overview and Level Annotations

Branches:
Dungeon (4/15)             Temple (0/1) D:4           Sewer (visited)

Altars:
Qazlal
Sif Muna
Wu Jian


Innate Abilities, Weirdness & Mutations

You cannot wear most types of armour.
You are very stealthy in the water. (Stealth+)
You are amphibious.
You can wear up to eight rings at the same time.
You can use your tentacles to constrict eight enemies at once.
Your skin changes colour to match your surroundings (Stealth+).
Your rubbery body absorbs attacks. (AC +1, EV +1)


Message History

The gnoll struggles to escape constriction.
Found 12 gold pieces.
Found a staircase to the Ecumenical Temple.
You release your grip on the gnoll.
You spin and attack the gnoll.
You hit the gnoll. Your grab misses the gnoll.
The gnoll is heavily wounded.
The gnoll hits you from afar with a +0 spear.
* * * LOW HITPOINT WARNING * * *
The gnoll hits you from afar with a +0 halberd.
* * * LOW HITPOINT WARNING * * *
You take 10 damage, and have 5/42 hp.
MASSIVE DAMAGE!!
You spin and attack the gnoll.
You hit the gnoll. Your grab misses the gnoll. You squeeze the gnoll.
You kill the gnoll!
The Council accepts your kill. The gnoll barely misses you.
There is an escape hatch in the ceiling here.
The gnoll barely misses you. x2
The gnoll hits you from afar with a +0 halberd!
You die...

#.........## ##....
#..........# ... ..
#...........
....#.######..........#
$?.#..........)....).#
...................#
#.................#
#...!........####..
###.@g...............
........)g.......#######
#...#....g.....###
.#.#..........[#
>....)........#
#.#...########....
#...#.. ..## ......#
#... ## ###


You could see 3 gnolls.

Vanquished Creatures
  An ogre (D:4)
  A worker ant (D:4)
  A gnoll (D:4)
  5 adders
  2 river rats (Sewer)
  4 worms
  5 leopard geckos
  4 orcs (D:3)
  5 ball pythons
  4 giant cockroaches
  15 goblins
  13 hobgoblins
  6 jackals (D:1)
  11 kobolds
  2 quokkas (D:3)
  9 bats
  13 frilled lizards
  16 rats
117 creatures vanquished.

Notes
Turn   | Place    | Note
-------+----------+-------------------------------------------
     0 | D:1      | tatocazan the Octopode Brigand began the quest for the Orb.
     0 | D:1      | Reached XP level 1. HP: 14/14 MP: 1/1
   203 | D:1      | Reached XP level 2. HP: 13/19 MP: 2/2
   991 | D:1      | Reached XP level 3. HP: 24/24 MP: 3/3
  1698 | D:2      | Reached XP level 4. HP: 26/30 MP: 4/4
  2254 | D:2      | Reached skill level 6 in Stealth
  2430 | D:2      | Found an ornate altar of the Wu Jian Council.
  2505 | D:2      | Became a worshipper of the Wu Jian Council
  3028 | D:3      | Reached XP level 5. HP: 35/35 MP: 5/5
  3094 | D:3      | Found a stormy altar of Qazlal.
  3101 | D:3      | Found a glowing drain.
  3120 | Sewer    | Entered a sewer
  3122 | Sewer    | Reached * piety under Wu Jian
  4044 | D:3      | Reached ** piety under Wu Jian
  4384 | D:4      | Noticed an ogre
  4389 | D:4      | Killed an ogre
  4390 | D:4      | Reached skill level 7 in Stealth
  4390 | D:4      | Reached XP level 6. HP: 42/42 MP: 6/6
  4653 | D:4      | Found a shimmering blue altar of Sif Muna.
  4670 | D:4      | Found a staircase to the Ecumenical Temple.
  4673 | D:4      | Slain by a gnoll

Illustrated notes

Levels and vault maps discovered:
D:1:      scummos_arrival_star, layout_basic, minmay_surrounded
D:2:      layout_loops_corners, nzn_wu_jian_council_hall
D:3:      layout_basic, old_standard_altar, portal_sewer_entry_b
D:4:      layout_rooms, lemuel_crystal_altar, minmay_temple_entry_crystal_x

Skill      XL: |  1  2  3  4  5 |
---------------+----------------+-----
Stealth        | 6 7 |  7.3
Dodging        | 2 |  2.6
Short Blades   | 3 |  3.8
Fighting       | 3 |  3.1
Throwing       | |  2.5

Action                   |  1- 3 |  4- 6 || total
-------------------------+-------+-------++-------
Melee: Dagger            |    92 |   137 ||   229
       Constrict         |    20 |    31 ||    51
       Tentacles         |    13 |    19 ||    32
Invok: Lunge             |       |    25 ||    25
       Whirlwind         |       |     5 ||     5
Evoke: Wand              |       |     6 ||     6
  Use: Potion            |       |     2 ||     2
 Stab: Sleeping          |    14 |    29 ||    43
Armor: Skin              |     8 |     6 ||    14
Dodge: Dodged            |    61 |    71 ||   132

Table legend: (Time is in decaauts)
 A = Elapsed time spent in this place.
 B = Non-inter-level travel time spent in this place.
 C = Inter-level travel time spent in this place.
 D = Time resting spent in this place.
 E = Time spent auto-exploring this place.
 F = Levels seen in this place.
 G = Mean time per level.
                   A        B        C        D        E       F      G
               +--------+--------+--------+--------+--------+-----+--------+
         Total |   4644 |   4529 |    115 |   1460 |   2474 |   5 |  928.8 |
       Dungeon |   4190 |   4075 |    115 |   1283 |   2268 |   4 | 1047.5 |
         Sewer |    453 |    453 |      0 |    177 |    206 |   1 |  453.0 |
               +--------+--------+--------+--------+--------+-----+--------+

Top non-repeatable levels by time:
     D:1: 1463 daAuts
     D:2: 1329 daAuts
     D:3: 904 daAuts
     D:4: 494 daAuts
   Sewer: 453 daAuts
